 Dungeon Crawl Stone Soup version 0.20-a0-1000-g0e8f6bb (webtiles) character file.

10 puppykicker the Grave Robber (level 2, 0/20 HPs)
             Began as a Minotaur Necromancer on Apr 12, 2017.
             Succumbed to a kobold's poison
             ... on level 1 of the Dungeon.
             The game lasted 00:01:19 (770 turns).

puppykicker the Grave Robber (Minotaur Necromancer)  Turns: 770, Time: 00:01:20

Health: 0/20       AC:  3    Str: 12    XL:     2   Next: 10%
Magic:  3/3        EV: 12    Int: 12    God:
Gold:   17         SH:  0    Dex: 10    Spells: 2/4 levels left

rFire    . . .     SeeInvis .   (no weapon)
rCold    . . .     Gourm    .   (no shield)
rNeg     . . .     Faith    .   a - +0 robe
rPois    .         Spirit   .   (helmet restricted)
rElec    .         Reflect  .   (no cloak)
rCorr    .         Harm     .   (no gloves)
MR       +....                  i - +0 pair of boots
Stlth    ++........             (no amulet)
Regen    0.1/turn               d - ring of protection from magic
MPRegen  0.1/turn               (no ring)

@: lethally poisoned (0 -> -6), about to teleport
A: retaliatory headbutt, horns 2
a: no special abilities


You were on level 1 of the Dungeon.
You were not hungry.

You visited 1 branch of the dungeon, and saw 1 of its levels.

You collected 17 gold pieces.


Innate Abilities, Weirdness & Mutations

You reflexively headbutt those who attack you in melee.
You have a pair of horns on your head.


   Skills:
 + Level 0.2 Fighting
 - Level 2.1 Dodging
 - Level 1.7 Stealth
 + Level 1.5 Spellcasting
 * Level 3.1 Necromancy


You had 2 spell levels left.
You knew the following spells:

 Your Spells              Type           Power        Failure   Level  Hunger
a - Pain                  Necr           #...         10%         1    ##.....
z - Animate Skeleton      Necr           N/A          10%         1    ##.....

Inventory:

Armour
 a - a +0 robe (worn)
 i - a +0 pair of boots (worn)
Jewellery
 d - a ring of protection from magic (left hand)
Scrolls
 e - 2 scrolls of teleportation
 g - a scroll of magic mapping
Books
 b - a book of Necromancy
Comestibles
 c - a bread ration
 f - a meat ration
 j - 2 chunks of flesh {@w1}

Dungeon Overview and Level Annotations

Branches:
Dungeon (1/15)

Altars:

*** *,***** *,,,,,*
*,***,******** *,*,,,,,,,,,,,
*,************ *,,,,,,,,,,,,,
################################,
.^.........Z.((.@...)..........#,
.###......()ZZ################.#,
.# #..........# #[#, .#
#...(####### #Z#, .# #....* #Z#,
.# ####** #.#, .# ########.#, .#
*##########...Z....#, ##
*........##........#,


You could see a friendly frilled lizard skeleton, a friendly hobgoblin skeleton
and a friendly kobold skeleton.


Message History

You feel sick.
You aren't carrying any potions.
You see here a stone.
* * * LOW HITPOINT WARNING * * *
You feel sick.
You see here a stone.
Unknown command.
* * * LOW HITPOINT WARNING * * *
You feel sick.
Your kobold skeleton hits the kobold.
The kobold hits your kobold skeleton with a dagger of venom.
You see here a stone.
Unknown command.
Your kobold skeleton hits the kobold.
The kobold hits your kobold skeleton with a dagger of venom.
Unknown command.
* * * LOW HITPOINT WARNING * * *
You feel sick.
Your hobgoblin skeleton hits the kobold with a club.
The kobold dies!
Unknown command.
You aren't carrying any potions.
Unknown command.
As you read the scroll labeled FENOIV XOPHUF, it crumbles to dust.
You feel aware of your surroundings.
It was a scroll of magic mapping.
As you read the scroll labeled PUYRUI LOFFAIL, it crumbles to dust.
It is a scroll of identify.
e - 3 scrolls of teleportation
As you read the scroll of teleportation, it crumbles to dust.
You feel strangely unstable.
You die...

Action                   || total
-------------------------++-------
Melee: Unarmed           ||    31
       Headbutt          ||     3
 Cast: Animate Skeleton  ||     3
       Pain              ||     1
  Use: Scroll            ||     3
Armor: Robe              ||     4
Dodge: Dodged            ||    20

Vault maps used:
D:1:      lemuel_arrival_room

Notes
Turn   | Place    | Note
-------+----------+-------------------------------------------
     0 | D:1      | puppykicker the Minotaur Necromancer began the quest for the Orb.
     0 | D:1      | Reached XP level 1. HP: 14/14 MP: 1/1
   167 | D:1      | Reached skill level 3 in Necromancy
   237 | D:1      | Learned a level 1 spell: Animate Skeleton
   709 | D:1      | Reached XP level 2. HP: 20/20 MP: 1/3
   764 | D:1      | HP: 2/20 [poisoned by a kobold]
   770 | D:1      | Succumbed to a kobold's poison

Vanquished Creatures
  A leopard gecko (D:1)
  A giant cockroach (D:1)
  A goblin (D:1)
  2 hobgoblins (D:1)
  A kobold (D:1)
  A frilled lizard (D:1)
7 creatures vanquished.

Vanquished Creatures (collateral kills)
  A kobold (D:1)
1 creature vanquished.

Grand Total: 8 creatures vanquished
